AoeStats
← Joaking

Arena

506977746Analyzed
1v1 RM · 16d ago on Sep 16, 2026· 101m 12s· 2 players
Game mode
Random Map
Map size
Tiny (2 player)
Population
200
Speed
Normal
Resources
Standard
Victory
Conquest
Starting age
Dark Age
Ending age
Imperial Age
RankedLock teamsTeams togetherTeam positionsShared explorationLock speedFull tech treeHidden civsTurbo modeCheats
Victory
Defeat
🇨🇳 Mongols · China
1097
+15
🇨🇱 Teutons · Chile
1068
-15
Joaking
10:47 Feudal Age
16:33 Castle Age
17:10 Wheelbarrow
16:32 Horse Collar
16:38 Double-Bit Axe
17:47 Loom
31:47 Imperial Age
29:35 Hand Cart
29:06 Town Watch
29:45 Scale Barding Armor
29:50 Forging
30:21 Bloodlines
32:00 Chain Barding Armor
32:49 Conscription
31:56 Cavalier
33:16 Plate Barding Armor
33:34 Iron Casting
33:19 Heavy Plow
33:30 Bow Saw
33:12 Paladin
36:04 Fortified Wall
39:21 Ballistics
40:07 Chemistry
39:13 Siege Engineers
38:54 Capped Ram
38:57 Heavy Scorpion
42:03 Fletching
42:14 Padded Archer Armor
43:07 Coinage
42:48 Bodkin Arrow
42:18 Elite Skirmisher
44:03 Leather Archer Armor
44:15 Ballistics
44:06 Masonry
43:58 Guard Tower
43:55 Arrowslits
46:51 Keep
46:01 Arrowslits
46:51 Ring Archer Armor
47:25 Blast Furnace
58:35 Capped Ram
60:47 Scale Mail Armor
60:12 Pikeman
60:53 Squires
60:38 Arson
60:42 Gambesons
61:48 Onager
63:57 Halberdier
65:36 Crop Rotation
66:14 Two-Man Saw
Wawrinka
10:41 Feudal Age
11:21 Loom
11:48 Double-Bit Axe
11:46 Horse Collar
14:45 Castle Age
15:44 Heavy Plow
24:39 Wheelbarrow
24:17 Bow Saw
31:51 Imperial Age
29:19 Gold Mining
29:49 Fletching
31:04 Hand Cart
31:32 Gold Shaft Mining
30:55 Bodkin Arrow
31:01 Padded Archer Armor
31:47 Fervor
33:00 Bracer
32:28 Elite Mangudai
33:33 Fortified Wall
34:03 Bloodlines
34:51 Stone Mining
35:30 Ballistics
35:31 Leather Archer Armor
35:19 Husbandry
35:27 Thumb Ring
37:20 Chemistry
36:51 Parthian Tactics
37:02 Conscription
36:43 Town Watch
38:23 Murder Holes
38:57 Devotion
39:12 Scale Barding Armor
39:19 Forging
40:37 Stone Shaft Mining
40:24 Masonry
42:54 Siege Engineers
42:29 Onager
44:04 Chain Barding Armor
44:19 Iron Casting
43:07 Light Cavalry
45:35 Hoardings
44:28 Hussar
46:09 Nomads
46:32 Drill
47:29 Blast Furnace
47:40 Drill
48:47 Siege Onager
50:45 Blast Furnace
59:29 Scale Mail Armor
67:12 Chain Mail Armor
67:10 Herbal Medicine
77:46 Heavy Scorpion
Connection lost

Rejoining the realm…

Still unreachable

The connection could not be restored.

Session expired

The server has moved on; the page needs a fresh start.